[ AOE2 MATCH · #507307324 ]
UnrankedMongols vs Tupi
Player's team · LOSS
Rival team · WIN
[ REPLAY ANALYSIS · EXTRACTED FROM THE RECORDED GAME ]
Feudal
9:26
Castle
27:00
Imperial
—
| APM avg | 62.9 |
| APM peak | 102 |
| eAPM avg | 22.4 |
| Villagers / military | 80 / 161 |
Focus
⚔️ 35.1% · 🌾 64.9%
Scout Cavalry ×139 · Battering Ram ×17 · Archer ×3 · Scorpion ×2
Feudal
12:11
Castle
25:19
Imperial
—
| APM avg | 41.5 |
| APM peak | 73 |
| eAPM avg | 29.5 |
| Villagers / military | 104 / 2 |
Focus
⚔️ 54.3% · 🌾 45.7%
Unknown (2579) ×149 · Unknown (2550) ×60 · Monk ×2
Match map
Initial resources + every placement click. Lines = walls · curves = elevation contours. ◆ gold · ⬟ stone · ● berries · ✦ relic · ◌ wall gap
Your base· Open — 10t gap
nC_Future's base· Open — 13t gap
Smoothed initial terrain · ◌ = detected wall gap · hover for details
Inputs per minute
— Riut - - nC_Future
Build order — Riut
First 150 of 377 actions detected
| 0:00 | Create | Villager (Male) |
| 0:00 | Create | Villager (Male) |
| 0:01 | Create | Villager (Male) |
| 0:01 | Create | Villager (Male) |
| 0:02 | Build | House |
| 0:02 | Build | House |
| 1:24 | Create | Villager (Male) |
| 1:24 | Create | Villager (Male) |
| 1:44 | Build | Lumber Camp |
| 1:58 | Create | Villager (Male) |
| 1:58 | Create | Villager (Male) |
| 2:15 | Create | Villager (Male) |
| 2:16 | Create | Villager (Male) |
| 2:48 | Create | Villager (Male) |
| 2:49 | Create | Villager (Male) |
| 2:57 | Build | House |
| 3:01 | Create | Villager (Male) |
| 3:02 | Create | Villager (Male) |
| 3:43 | Create | Villager (Male) |
| 3:43 | Create | Villager (Male) |
| 3:43 | Create | Villager (Male) |
| 3:44 | Create | Villager (Male) |
| 4:17 | Create | Villager (Male) |
| 4:17 | Create | Villager (Male) |
| 4:17 | Create | Villager (Male) |
| 4:54 | Create | Villager (Male) |
| 5:02 | Create | Villager (Male) |
| 5:02 | Create | Villager (Male) |
| 5:07 | Build | Barracks |
| 5:14 | Research | Loom |
| 5:43 | Create | Villager (Male) |
| 5:44 | Create | Villager (Male) |
| 6:40 | Create | Villager (Male) |
| 6:44 | Build | Mill |
| 7:16 | Research | Feudal Age |
| 7:16 | Research | Feudal Age |
| 7:28 | Build | Barracks |
| 7:34 | Build | Palisade Wall |
| 7:38 | Build | Palisade Wall |
| 7:39 | Build | Palisade Wall |
| 7:41 | Build | Palisade Wall |
| 7:46 | Build | Palisade Wall |
| 7:47 | Build | Palisade Wall |
| 7:48 | Build | Palisade Wall |
| 7:57 | Build | Palisade Wall |
| 7:59 | Build | Palisade Wall |
| 8:00 | Build | Palisade Wall |
| 8:01 | Build | Palisade Wall |
| 8:02 | Build | Palisade Wall |
| 8:04 | Build | Palisade Wall |
| 8:05 | Build | Palisade Wall |
| 8:07 | Build | Palisade Wall |
| 8:16 | Create | Villager (Male) |
| 8:30 | Build | House |
| 9:04 | Build | House |
| 9:12 | Create | Villager (Male) |
| 9:17 | Build | Palisade Wall |
| 9:26 | Age | Feudal Age |
| 9:27 | Build | Stable |
| 9:38 | Research | Double-Bit Axe |
| 9:47 | Build | House |
| 9:50 | Build | Farm |
| 10:04 | Create | Villager (Male) |
| 10:05 | Create | Scout Cavalry |
| 10:05 | Create | Scout Cavalry |
| 10:08 | Create | Villager (Male) |
| 10:34 | Build | Mining Camp |
| 10:45 | Build | Farm |
| 10:48 | Create | Villager (Male) |
| 10:49 | Create | Scout Cavalry |
| 10:59 | Build | Farm |
| 11:20 | Create | Villager (Male) |
| 11:21 | Create | Scout Cavalry |
| 11:35 | Create | Villager (Male) |
| 11:52 | Build | Farm |
| 11:53 | Build | Farm |
| 11:56 | Build | Farm |
| 12:00 | Build | Farm |
| 12:06 | Create | Villager (Male) |
| 12:13 | Build | Palisade Wall |
| 12:23 | Create | Scout Cavalry |
| 12:27 | Build | Archery Range |
| 12:37 | Create | Villager (Male) |
| 12:38 | Build | House |
| 12:47 | Build | Palisade Wall |
| 12:49 | Build | Palisade Wall |
| 12:50 | Build | Palisade Wall |
| 12:54 | Create | Villager (Male) |
| 13:09 | Build | Palisade Wall |
| 13:10 | Build | Palisade Wall |
| 13:11 | Build | Palisade Wall |
| 13:12 | Build | Palisade Wall |
| 13:13 | Build | Palisade Wall |
| 13:17 | Build | Farm |
| 13:24 | Build | Palisade Wall |
| 13:25 | Build | Palisade Wall |
| 13:31 | Create | Villager (Male) |
| 13:33 | Create | Scout Cavalry |
| 13:41 | Create | Archer |
| 13:41 | Create | Archer |
| 13:49 | Create | Villager (Male) |
| 13:50 | Build | Farm |
| 14:24 | Create | Scout Cavalry |
| 14:24 | Create | Villager (Male) |
| 14:28 | Build | House |
| 14:29 | Build | House |
| 14:31 | Build | Blacksmith |
| 14:39 | Create | Archer |
| 14:39 | Create | Villager (Male) |
| 14:40 | Create | Scout Cavalry |
| 15:02 | Build | Farm |
| 15:05 | Create | Villager (Male) |
| 15:32 | Build | Farm |
| 15:34 | Build | Farm |
| 15:48 | Research | Forging |
| 15:55 | Build | Stable |
| 15:59 | Create | Scout Cavalry |
| 16:01 | Create | Villager (Male) |
| 16:09 | Build | Palisade Wall |
| 16:16 | Build | Palisade Wall |
| 16:17 | Build | Palisade Wall |
| 16:25 | Create | Villager (Male) |
| 16:28 | Build | Farm |
| 16:32 | Create | Scout Cavalry |
| 16:38 | Build | Farm |
| 16:47 | Build | Farm |
| 16:56 | Research | Bloodlines |
| 16:57 | Research | Bloodlines |
| 16:57 | Research | Bloodlines |
| 17:13 | Build | Farm |
| 17:15 | Build | Farm |
| 17:19 | Create | Scout Cavalry |
| 17:19 | Create | Scout Cavalry |
| 17:19 | Create | Scout Cavalry |
| 17:30 | Create | Villager (Male) |
| 17:43 | Create | Villager (Male) |
| 17:58 | Create | Scout Cavalry |
| 17:59 | Create | Scout Cavalry |
| 18:00 | Create | Villager (Male) |
| 18:01 | Build | House |
| 18:02 | Build | House |
| 18:10 | Build | Farm |
| 18:28 | Create | Scout Cavalry |
| 18:28 | Create | Scout Cavalry |
| 18:28 | Create | Scout Cavalry |
| 18:32 | Build | Farm |
| 18:34 | Create | Scout Cavalry |
| 18:38 | Create | Villager (Male) |
| 18:47 | Build | Palisade Wall |
| 18:49 | Build | Lumber Camp |
Build order — nC_Future
First 150 of 429 actions detected
| 0:00 | Create | Villager (Male) |
| 0:01 | Create | Villager (Male) |
| 0:01 | Create | Villager (Male) |
| 0:02 | Build | House |
| 0:03 | Build | House |
| 0:15 | Create | Villager (Male) |
| 0:21 | Build | Barracks |
| 1:35 | Create | Villager (Male) |
| 1:42 | Research | Loom |
| 1:49 | Create | Unit 2550 |
| 2:11 | Create | Villager (Male) |
| 2:28 | Create | Unit 2550 |
| 2:43 | Create | Villager (Male) |
| 3:12 | Create | Villager (Male) |
| 3:27 | Build | House |
| 3:32 | Create | Villager (Male) |
| 3:49 | Create | Villager (Male) |
| 4:12 | Create | Unit 2550 |
| 4:21 | Create | Villager (Male) |
| 4:32 | Build | House |
| 4:38 | Create | Villager (Male) |
| 4:57 | Create | Villager (Male) |
| 5:34 | Create | Villager (Male) |
| 5:56 | Create | Villager (Male) |
| 6:08 | Build | Settlement |
| 6:23 | Create | Villager (Male) |
| 6:37 | Create | Villager (Male) |
| 7:01 | Create | Villager (Male) |
| 7:10 | Create | Villager (Male) |
| 7:19 | Build | Settlement |
| 7:21 | Create | Villager (Male) |
| 7:29 | Create | Villager (Male) |
| 8:01 | Create | Villager (Male) |
| 8:07 | Build | Farm |
| 8:10 | Build | Farm |
| 8:23 | Create | Villager (Male) |
| 8:27 | Build | Farm |
| 8:46 | Create | Villager (Male) |
| 9:15 | Build | Settlement |
| 9:41 | Build | Farm |
| 9:54 | Research | Feudal Age |
| 10:12 | Build | Palisade Wall |
| 10:25 | Build | Palisade Wall |
| 10:37 | Build | Barracks |
| 10:56 | Build | Palisade Wall |
| 11:01 | Build | Palisade Wall |
| 11:07 | Build | Palisade Wall |
| 11:11 | Build | House |
| 11:14 | Create | Unit 2550 |
| 11:14 | Create | Unit 2550 |
| 11:14 | Create | Unit 2550 |
| 11:43 | Build | Palisade Gate |
| 11:57 | Create | Unit 2550 |
| 11:57 | Create | Unit 2550 |
| 11:57 | Create | Unit 2550 |
| 12:10 | Build | Palisade Wall |
| 12:10 | Build | Palisade Wall |
| 12:11 | Age | Feudal Age |
| 12:11 | Build | Palisade Wall |
| 12:14 | Build | Blacksmith |
| 12:18 | Build | Palisade Wall |
| 12:20 | Build | Palisade Wall |
| 12:22 | Build | Palisade Wall |
| 12:27 | Research | Tech 1402 |
| 12:28 | Create | Villager (Male) |
| 12:45 | Create | Unit 2550 |
| 12:46 | Create | Villager (Male) |
| 12:59 | Build | Farm |
| 12:59 | Create | Villager (Male) |
| 13:02 | Build | Farm |
| 13:08 | Research | Scale Mail Armor |
| 13:18 | Create | Villager (Male) |
| 13:24 | Build | Farm |
| 13:26 | Create | Unit 2550 |
| 13:26 | Create | Unit 2550 |
| 13:26 | Create | Unit 2550 |
| 13:26 | Create | Unit 2550 |
| 13:43 | Create | Villager (Male) |
| 13:46 | Build | House |
| 14:06 | Create | Unit 2550 |
| 14:23 | Create | Unit 2550 |
| 14:23 | Create | Unit 2550 |
| 14:24 | Create | Villager (Male) |
| 14:30 | Build | Farm |
| 14:31 | Build | Farm |
| 14:36 | Build | House |
| 14:39 | Build | Farm |
| 14:41 | Create | Unit 2550 |
| 14:41 | Create | Unit 2550 |
| 14:42 | Create | Unit 2550 |
| 14:42 | Create | Unit 2550 |
| 14:42 | Create | Unit 2550 |
| 14:55 | Create | Villager (Male) |
| 15:00 | Build | Farm |
| 15:07 | Create | Unit 2550 |
| 15:23 | Create | Unit 2550 |
| 15:23 | Create | Unit 2550 |
| 15:36 | Build | Farm |
| 15:37 | Create | Villager (Male) |
| 15:56 | Create | Villager (Male) |
| 16:00 | Build | House |
| 16:02 | Build | House |
| 16:07 | Build | Farm |
| 16:10 | Build | Farm |
| 16:12 | Create | Villager (Male) |
| 16:23 | Create | Villager (Male) |
| 16:32 | Research | Arson |
| 16:32 | Create | Villager (Male) |
| 16:39 | Build | Settlement |
| 16:48 | Build | House |
| 16:56 | Create | Unit 2550 |
| 16:56 | Create | Unit 2550 |
| 16:56 | Create | Unit 2550 |
| 16:56 | Create | Unit 2550 |
| 16:56 | Create | Unit 2550 |
| 17:12 | Build | Farm |
| 17:27 | Research | Double-Bit Axe |
| 17:40 | Create | Villager (Male) |
| 17:50 | Create | Unit 2550 |
| 17:50 | Create | Unit 2550 |
| 18:14 | Create | Unit 2550 |
| 18:15 | Create | Unit 2550 |
| 18:15 | Create | Unit 2550 |
| 18:18 | Create | Villager (Male) |
| 18:28 | Create | Villager (Male) |
| 18:30 | Build | Settlement |
| 18:47 | Create | Villager (Male) |
| 19:07 | Create | Villager (Male) |
| 19:08 | Create | Unit 2550 |
| 19:08 | Create | Unit 2550 |
| 19:08 | Create | Unit 2550 |
| 19:08 | Create | Unit 2550 |
| 19:36 | Create | Unit 2550 |
| 19:36 | Create | Unit 2550 |
| 19:36 | Create | Unit 2550 |
| 19:41 | Build | Market |
| 19:47 | Create | Villager (Male) |
| 20:18 | Create | Unit 2550 |
| 20:19 | Create | Unit 2550 |
| 20:19 | Create | Villager (Male) |
| 20:34 | Build | Farm |
| 20:35 | Create | Villager (Male) |
| 20:39 | Build | Settlement |
| 21:00 | Create | Unit 2550 |
| 21:00 | Create | Unit 2550 |
| 21:00 | Create | Unit 2550 |
| 21:00 | Create | Villager (Male) |
| 21:04 | Build | Farm |
| 21:08 | Build | Farm |
| 21:24 | Create | Unit 2550 |
Match timeline
| 0:21 | nC_Future · first_building Barracks |
| 5:07 | Riut · first_building Barracks |
| 7:34 | Riut · wall_segment Palisade Wall x1 |
| 7:38 | Riut · wall_segment Palisade Wall x1 |
| 7:39 | Riut · wall_segment Palisade Wall x1 |
| 7:41 | Riut · wall_segment Palisade Wall x1 |
| 7:46 | Riut · wall_segment Palisade Wall x1 |
| 7:47 | Riut · wall_segment Palisade Wall x1 |
| 7:48 | Riut · wall_segment Palisade Wall x1 |
| 7:57 | Riut · wall_segment Palisade Wall x1 |
| 7:59 | Riut · wall_segment Palisade Wall x1 |
| 8:00 | Riut · wall_segment Palisade Wall x1 |
| 8:01 | Riut · wall_segment Palisade Wall x1 |
| 8:02 | Riut · wall_segment Palisade Wall x1 |
| 8:04 | Riut · wall_segment Palisade Wall x1 |
| 8:05 | Riut · wall_segment Palisade Wall x1 |
| 8:07 | Riut · wall_segment Palisade Wall x1 |
| 9:17 | Riut · wall_segment Palisade Wall x1 |
| 9:26 | Riut · age_up feudal |
| 9:27 | Riut · first_building Stable |
| 10:12 | nC_Future · wall_segment Palisade Wall x1 |
| 10:25 | nC_Future · wall_segment Palisade Wall x1 |
| 10:56 | nC_Future · wall_segment Palisade Wall x9 |
| 11:01 | nC_Future · wall_segment Palisade Wall x5 |
| 11:07 | nC_Future · wall_segment Palisade Wall x5 |
| 12:10 | nC_Future · wall_segment Palisade Wall x4 |
| 12:10 | nC_Future · wall_segment Palisade Wall x1 |
| 12:11 | nC_Future · age_up feudal |
| 12:11 | nC_Future · wall_segment Palisade Wall x1 |
| 12:13 | Riut · wall_segment Palisade Wall x1 |
| 12:18 | nC_Future · wall_segment Palisade Wall x1 |
| 12:20 | nC_Future · wall_segment Palisade Wall x1 |
| 12:22 | nC_Future · wall_segment Palisade Wall x1 |
| 12:27 | Riut · first_building Archery Range |
| 12:47 | Riut · wall_segment Palisade Wall x1 |
| 12:49 | Riut · wall_segment Palisade Wall x1 |
| 12:50 | Riut · wall_segment Palisade Wall x1 |
| 13:09 | Riut · wall_segment Palisade Wall x1 |
| 13:10 | Riut · wall_segment Palisade Wall x1 |
| 13:11 | Riut · wall_segment Palisade Wall x1 |
| 13:12 | Riut · wall_segment Palisade Wall x1 |
| 13:13 | Riut · wall_segment Palisade Wall x1 |
| 13:24 | Riut · wall_segment Palisade Wall x1 |
| 13:25 | Riut · wall_segment Palisade Wall x1 |
| 16:09 | Riut · wall_segment Palisade Wall x1 |
| 16:16 | Riut · wall_segment Palisade Wall x1 |
| 16:17 | Riut · wall_segment Palisade Wall x1 |
| 18:47 | Riut · wall_segment Palisade Wall x1 |
| 20:46 | nC_Future · first_market_buy 100 food |
| 21:43 | nC_Future · first_market_sell 100 stone |
| 23:34 | nC_Future · wall_segment Palisade Wall x16 |
| 23:48 | nC_Future · wall_segment Palisade Wall x10 |
| 23:58 | Riut · wall_segment Palisade Wall x5 |
| 24:01 | nC_Future · wall_segment Palisade Wall x14 |
| 24:06 | nC_Future · wall_segment Palisade Wall x1 |
| 24:08 | nC_Future · wall_segment Palisade Wall x1 |
| 24:10 | nC_Future · wall_segment Palisade Wall x1 |
| 24:30 | nC_Future · wall_segment Palisade Wall x1 |
| 24:34 | Riut · wall_segment Palisade Wall x13 |
| 24:40 | Riut · wall_segment Palisade Wall x4 |
| 25:04 | Riut · first_market_buy 100 food |
| 25:19 | nC_Future · age_up castle |
| 25:26 | nC_Future · first_building Castle |
| 27:00 | Riut · age_up castle |
| 27:08 | Riut · wall_segment Palisade Wall x8 |
| 27:14 | Riut · first_building Siege Workshop |
| 29:38 | nC_Future · wall_segment Palisade Wall x1 |
| 29:41 | nC_Future · wall_segment Palisade Wall x8 |
| 30:14 | nC_Future · wall_segment Palisade Wall x1 |
| 32:44 | nC_Future · first_building Monastery |
| 36:25 | Riut · first_market_sell 100 stone |
| 38:33 | Riut · resign |
[ AI ANALYSIS · 1 CREDIT ]
What really happened in this match?
Wolo.gg analyzes every decision: build order, eco, micro, common mistakes by bracket. Personalized analysis on WhatsApp or Discord in 30 seconds.
Civ guide
Mongols
Perfil
Jugador #1045839